 Dungeon Crawl Stone Soup version 0.21-a0-344-g2144152 (webtiles) character file.

2444 graki42 the Thaumaturge (level 9, 0/47 HPs)
             Began as a Deep Elf Fire Elementalist on Oct 4, 2017.
             Was a Priest of Vehumet.
             Slain by a kobold
             ... wielding a +0 whip
              (2 damage)
             ... on level 7 of the Dungeon.
             The game lasted 00:27:49 (5945 turns).

graki42 the Thaumaturge (DEFE)                      Turns: 5945, Time: 00:27:50

Health: 0/47       AC:  5    Str:  8    XL:     9   Next: 25%
Magic:  19/24      EV: 14    Int: 21    God:    Vehumet [***...]
Gold:   236        SH:  0    Dex: 15    Spells: 10/27 levels left

rFire    + + .     SeeInvis .   f - +0 short sword
rCold    + + .     Gourm    +   (no shield)
rNeg     . . .     Faith    .   p - +1 robe {rC+}
rPois    .         Spirit   .   v - +1 hat {MR+}
rElec    .         Reflect  .   D - scarf {rC+ rF+}
rCorr    .         Harm     .   (no gloves)
MR       +....                  w - +0 pair of boots
Stlth    ++........             x - amulet of the gourmand
HPRegen  0.15/turn              j - ring of stealth
MPRegen  0.19/turn              l - ring of protection from fire

@: confused, lethally poisoned (0 -> -1)
A: no striking features
a: Renounce Religion


You were on level 7 of the Dungeon.
You worshipped Vehumet.
Vehumet was most pleased with you.
You were completely stuffed.

You visited 2 branches of the dungeon, and saw 9 of its levels.

You collected 236 gold pieces.

Inventory:

Hand Weapons
 f - a +0 short sword (weapon)
 y - a +3 blowgun
Armour
 p - a +1 robe of cold resistance (worn)
 v - a +1 hat of magic resistance (worn)
 w - a +0 pair of boots (worn)
 D - a scarf of resistance (worn)
Jewellery
 j - a ring of stealth (left hand)
 l - a ring of protection from fire (right hand)
 x - an amulet of the gourmand (around neck)
 B - an uncursed ring of protection from magic {unknown}
Wands
 t - a wand of polymorph (6/24)
 C - a wand of lightning (5/15)
Scrolls
 a - 2 scrolls of teleportation {unknown}
 h - a scroll of noise {unknown}
 m - 4 scrolls of identify
 n - 2 scrolls of remove curse
 q - 2 scrolls of amnesia {unknown}
 u - a scroll of recharging {unknown}
 A - a scroll of fog
Potions
 b - a potion of haste
 e - a potion of brilliance {unknown}
 g - 2 potions of curing {unknown}
 i - a potion of cancellation
 k - a potion of lignification
 o - 2 potions of ambrosia
 s - a potion of degeneration {unknown}
 z - a potion of might {unknown}
Books
 F - a book of Air

   Spells                             Type                      Level
   a - Shock                          Conjuration/Air              1
   b - Swiftness                      Charms/Air                   2
   c - Static Discharge               Conjuration/Air              3
   d - Airstrike                      Air                          4
   e - Lightning Bolt                 Conjuration/Air              5
Comestibles
 c - 5 bread rations
 d - 4 royal jellies
 r - a meat ration


   Skills:
 + Level 1.0 Fighting
 + Level 0.1 Short Blades
 + Level 4.0 Dodging
 + Level 4.8 Stealth
 + Level 0.2 Unarmed Combat
 + Level 9.9 Spellcasting
 + Level 5.6 Conjurations
 + Level 3.4 Hexes
 + Level 8.1 Fire Magic
 + Level 0.7 Ice Magic


You had 10 spell levels left.
You knew the following spells:

 Your Spells              Type           Power        Failure   Level  Hunger
a - Flame Tongue          Conj/Fire      #####        1%          1    None
b - Conjure Flame         Conj/Fire      #####...     1%          3    None
c - Inner Flame           Hex/Fire       ####....     1%          3    None
d - Sticky Flame          Conj/Fire      #####...     1%          4    ##.....
e - Fireball              Conj/Fire      #####.....   3%          5    ####...
f - Freeze                Ice            ##..         1%          1    None


Dungeon Overview and Level Annotations

Branches:
Dungeon (8/15)             Temple (1/1) D:4
   Lair: D:8-11

Altars:
Ashenzari
Cheibriados
Dithmenos
Fedhas
Gozag
Hepliaklqana
Kikubaaqudgha
Makhleb
Nemelex Xobeh
Okawaru
Qazlal
Ru
Sif Muna
Trog
Vehumet
Xom
Yredelemnul
Zin
The Shining One


Message History

The flame tongue hits the big kobold.
The big kobold is lightly wounded.
You feel sick.
The big kobold shoots a bolt.
The bolt hits you!
Casting: Flame Tongue
Confirm with . or Enter, or press ? or * to list all spells.
Aiming: Flame Tongue
Press: ? - help, Shift-Dir - straight line, f/p - big kobold
Aim: a big kobold, wielding a hand crossbow (lightly wounded)
The flame tongue hits the big kobold.
The big kobold is moderately wounded.
The kobold throws a stone.
The stone closely misses you.
The big kobold shoots a bolt.
The bolt hits you!
* * * LOW HITPOINT WARNING * * *
It was a potion of ambrosia.
You are confused.
You feel invigorated.
You feel sick.
The big kobold shoots a bolt.
The bolt hits you!
* * * LOW HITPOINT WARNING * * *
The kobold hits you with a whip.
You die...

### ###. ##...### .... #
... ..# ... ..
##.##.###### ###.
...#...#..##.. ... ....
..........##.# #..# ###.
....._..).##.###..###...
...)..K@...(....... ..#.
...#...#)(......>.# #.#.
##.##.##.(###.# #.#[
.K....##.(###.####.#.
.#...#.....(.......... #
#####.##.....(.[...#(
#.##......<..)...
#.###.......[.... #.#
##.###.###...


You could see a big kobold and a kobold.

Vanquished Creatures
  Sigmund (D:2)
  A water moccasin (D:7)
  An ice beast (D:7)
  2 orc warriors
  An ogre (D:7)
  A centaur (D:6)
  A big kobold (D:4)
  6 bullfrogs
  Blork the orc (D:4)
  3 scorpions
  2 howler monkeys (D:6)
  A crimson imp (D:5)
  2 hounds
  2 orc priests
  A quasit (D:4)
  A gnoll shaman (D:6)
  2 bullfrog skeletons
  2 iguanas
  4 orc wizards
  Ijyb (D:3)
  Natasha (D:3)
  10 worker ants
  Robin (D:2)
  4 gnolls
  A howler monkey skeleton (D:4)
  8 adders
  4 adder skeletons
  An adder zombie (D:5)
  3 dart slugs
  6 leopard geckos
  26 orcs
  2 ball pythons
  6 bats
  3 giant cockroaches
  13 goblins
  8 hobgoblins
  11 jackals
  4 quokkas
  5 frilled lizards
  33 kobolds
  7 rats
  5 plants (D:4)
198 creatures vanquished.

Vanquished Creatures (others)
  A plant (D:4)
1 creature vanquished.

Grand Total: 199 creatures vanquished

Notes
Turn   | Place    | Note
-------+----------+-------------------------------------------
     0 | D:1      | graki42 the Deep Elf Fire Elementalist began the quest for the Orb.
     0 | D:1      | Reached XP level 1. HP: 10/10 MP: 6/6
   121 | D:1      | Reached XP level 2. HP: 9/15 MP: 6/8
   233 | D:1      | Reached XP level 3. HP: 12/19 MP: 2/10
   423 | D:1      | Learned a level 3 spell: Conjure Flame
   427 | D:1      | Learned a level 3 spell: Inner Flame
   431 | D:2      | Noticed Robin
   733 | D:4      | Reached skill level 4 in Spellcasting
   733 | D:4      | Reached XP level 4. HP: 15/24 MP: 4/12
   908 | D:3      | Reached skill level 5 in Fire Magic
  1022 | D:3      | Reached XP level 5. HP: 14/28 MP: 8/13
  1177 | D:2      | Noticed Sigmund
  1339 | D:2      | Killed Robin
  1578 | D:2      | Killed Sigmund
  1578 | D:2      | Reached skill level 5 in Spellcasting
  1578 | D:2      | Reached XP level 6. HP: 14/32 MP: 1/15
  1778 | D:2      | Found a snail-covered altar of Cheibriados.
  1917 | D:2      | Found a glowing silver altar of Zin.
  2225 | D:3      | Noticed Ijyb
  2251 | D:3      | Killed Ijyb
  2421 | D:3      | Noticed Natasha
  2436 | D:3      | Killed Natasha
  2605 | D:4      | Found a staircase to the Ecumenical Temple.
  2617 | D:4      | Learned a level 4 spell: Sticky Flame
  2623 | D:4      | Learned a level 5 spell: Fireball
  2627 | Temple   | Entered the Ecumenical Temple
  2634 | Temple   | Became a worshipper of Vehumet
  2756 | D:4      | Reached XP level 7. HP: 26/36 MP: 8/17
  2848 | D:4      | Noticed Blork the orc
  2859 | D:4      | Killed Blork the orc
  2859 | D:4      | Reached skill level 6 in Spellcasting
  3229 | D:4      | Reached * piety under Vehumet
  3229 | D:4      | Offered knowledge of Freeze by Vehumet.
  3464 | D:4      | Got a brightly glowing plate armour
  3845 | D:5      | Entered Level 5 of the Dungeon
  3940 | D:5      | Learned a level 1 spell: Freeze
  3987 | D:5      | Reached skill level 7 in Spellcasting
  4130 | D:5      | Reached XP level 8. HP: 21/41 MP: 4/21
  4341 | D:5      | Identified the +5 plate armour of Ceselack {rPois} (You found it on level 4 of the Dungeon)
  4419 | D:5      | You fall through a shaft for 3 floors!
  4446 | D:7      | Found a hazy altar of Hepliaklqana.
  4448 | D:7      | Reached ** piety under Vehumet
  4448 | D:7      | Offered knowledge of Shock by Vehumet.
  4568 | D:6      | Reached skill level 8 in Spellcasting
  5044 | D:6      | Reached skill level 1 in Hexes
  5044 | D:6      | Reached skill level 9 in Spellcasting
  5406 | D:6      | Reached skill level 5 in Conjurations
  5718 | D:7      | Reached XP level 9. HP: 46/46 MP: 18/24
  5905 | D:7      | Offered knowledge of Dazzling Spray by Vehumet.
  5925 | D:7      | Reached skill level 1 in Fighting
  5929 | D:7      | Found an iron altar of Okawaru.
  5933 | D:7      | Reached *** piety under Vehumet
  5945 | D:7      | HP: 2/47 [big kobold/bolt (14)]
  5945 | D:7      | Slain by a kobold

Vault maps used:
D:1:      sevenhm_arrival_forest_fort_small_6, minmay_pentomino_w4
D:2:      lemuel_round_altar, kennysheep_slug_shrine, first_bread, uniq_robin,
          uniq_sigmund
D:3:      kennysheep_nondescript, uniq_natasha, uniq_ijyb
D:4:      kennysheep_kobold_camp, minmay_temple_entry_trees, uniq_blork_the_orc
D:7:      okawaru_gym_becter, kennysheep_little_box, minitemple, the_bakery
Temple:   nicolae_temple_no_exploring_needed

Skill      XL: |  1  2  3  4  5  6  7  8  9 |
---------------+----------------------------+-----
Fire Magic     | 4 5 6 7 8 |  8.1
Spellcasting   | 4 5 7 9 |  9.9
Stealth        | 3 4 |  4.8
Conjurations   | 2 3 4 5 |  5.6
Dodging        | 3 4 |  4.0
Hexes          | 2 3 |  3.4
Fighting       | 1 |  1.0
Short Blades   | |  0.1
Unarmed Combat | |  0.2
Ice Magic      | |  0.7

Action                   |  1- 3 |  4- 6 |  7- 9 || total
-------------------------+-------+-------+-------++-------
Melee: Short sword       |     9 |     6 |    13 ||    28
       Unarmed           |       |    19 |       ||    19
 Cast: Flame Tongue      |    55 |   127 |   161 ||   343
       Conjure Flame     |       |     3 |     7 ||    10
       Inner Flame       |       |     2 |     8 ||    10
       Sticky Flame      |       |     1 |    23 ||    24
       Fireball          |       |       |     8 ||     8
       Freeze            |       |       |     2 ||     2
  Use: Scroll            |       |     5 |     1 ||     6
       Potion            |       |       |     1 ||     1
 Stab: Sleeping          |       |       |     1 ||     1
  Eat: Chunk             |       |     6 |    26 ||    32
Armor: Robe              |     9 |    15 |    21 ||    45
       Skin              |       |     2 |       ||     2
Dodge: Dodged            |    37 |    68 |    89 ||   194

Table legend:
 A = Spawn XP
 B = Non-spawn XP
 C = Spawn XP percentage of total XP
 D = Spawn monster count
 E = Non-spawn monster count
 F = Spawn count percentage of total count
 G = Total turns spent on level
                    A         B        C        D         E        F      G
               +---------+---------+-------+---------+---------+-------+---------
         Total |       0 |    3492 |   0.0 |       0 |     193 |   0.0 |  5945
               +---------+---------+-------+---------+---------+-------+---------
           D:1 |       0 |      59 |   0.0 |       0 |      24 |   0.0 |   755
           D:2 |       0 |     332 |   0.0 |       0 |      26 |   0.0 |   769
           D:3 |       0 |     214 |   0.0 |       0 |      33 |   0.0 |   767
           D:4 |       0 |     612 |   0.0 |       0 |      41 |   0.0 |  1539
           D:5 |       0 |     394 |   0.0 |       0 |      22 |   0.0 |   912
           D:6 |       0 |    1016 |   0.0 |       0 |      29 |   0.0 |   980
           D:7 |       0 |     865 |   0.0 |       0 |      18 |   0.0 |   181
               +---------+---------+-------+---------+---------+-------+---------
